 Dungeon Crawl Stone Soup version 0.29.1-1-gd02db6906a (webtiles) character file.

Game seed: 5970093455322785780

60 RKaid the Chiller (level 3, 0/27 HPs)
             Began as a Demonspawn Wanderer on Sept 25, 2022.
             Was a Follower of Cheibriados.
             Slain by an orc wizard
             ... wielding a +0 dagger
              (2 damage)
             ... on level 3 of the Dungeon.
             The game lasted 00:08:21 (2557 turns).

RKaid the Chiller (Demonspawn Wanderer)             Turns: 2557, Time: 00:08:21

Health: 0/27       AC:  3    Str: 14    XL:     3   Next: 80%
Magic:  4/4        EV: 16    Int: 15    God:    Cheibriados [*.....]
Gold:   98         SH:  0    Dex: 16    Spells: 3/4 levels left

rFire   . . .      SeeInvis .   b - +0 lajatang
rCold   . . .      Faith    .   (shield currently unavailable)
rNeg    . . .      Spirit   .   g - +0 robe
rPois   .          Reflect  +   (no helmet)
rElec   .          Harm     .   (no cloak)
rCorr   .          Rampage  .   j - +0 pair of gloves
Will    .....                   (no boots)
Stlth   +.........              l - amulet of reflection
HPRegen 0.09/turn               u - +4 ring of evasion
MPRegen 0.09/turn               (no ring)

@: confused, very slow
A: demonic guardian 1
a: Renounce Religion, Bend Time


You were on level 3 of the Dungeon.
You worshipped Cheibriados.
Cheibriados was aware of your devotion.
You visited 1 branch of the dungeon, and saw 3 of its levels.

You collected 98 gold pieces.

Inventory:

Hand Weapons
 a - a +0 dagger
 b - a +0 lajatang (weapon)
   (You found it on level 2 of the Dungeon)
Armour
 d - a +0 buckler
 g - a +0 robe (worn)
 j - a +0 pair of gloves (worn)
   (You found it on level 1 of the Dungeon)
Jewellery
 l - an amulet of reflection (around neck)
   (You found it on level 1 of the Dungeon)
 u - a +4 ring of evasion (left hand)
   (You found it on level 2 of the Dungeon)
Scrolls
 e - 2 scrolls of amnesia
 m - a scroll of immolation {!r}
 n - a scroll of magic mapping {unknown}
 p - 2 scrolls of fog
 q - a scroll of enchant armour {unknown}
 s - a scroll of fear {unknown}
 t - a scroll of teleportation
 v - a scroll of identify {unknown}
Potions
 c - a potion of curing
 f - a potion of invisibility {unknown}
 h - a potion of degeneration {unknown}
 i - 2 potions of cancellation {unknown}
 k - a potion of heal wounds {unknown}
 o - a potion of mutation {unknown}
 r - a potion of lignification {unknown}


   Skills:
 + Level 2.0 Fighting
 * Level 0.8 Staves
 + Level 1.9 Dodging
 - Level 1.6 Shields
 - Level 1.0 Spellcasting
 - Level 2.0 Conjurations
 + Level 2.1 Ice Magic
 - Level 1.2 Invocations
 - Level 1.0 Evocations


You had 3 spell levels left.
You knew the following spells:

 Your Spells              Type           Power      Damage    Failure   Level
a - Freeze                Ice            28%        1d5       10%         1

Your spell library contained the following spells:

 Spells                   Type           Power      Damage    Failure   Level
 Magic Dart               Conj           24%        1d4       11%         1
 Shock                    Conj/Air       12%        1d3       16%         1
 Searing Ray              Conj           12%        2d4       16%         2
 Ensorcelled Hibernation  Hex/Ice        8%         N/A       24%         2
 Static Discharge         Conj/Air       3%         3-4/arc   24%         2
 Ozocubu's Armour         Ice            7%         N/A       30%         3
 Call Imp                 Summ           0%         N/A       36%         2
 Mephitic Cloud           Conj/Pois/Air  2%         N/A       50%         3
 Swiftness                Air            0%         N/A       58%         3
 Airstrike                Air            0%         2d(0-16)  94%         4
 Metabolic Englaciation   Hex/Ice        2%         N/A       99%         5
 Simulacrum               Ice/Necr       2%         N/A       100%        6


Dungeon Overview and Level Annotations

Branches:
Dungeon (3/15)

Altars:
Cheibriados
Dithmenos
Okawaru

Shops:
D:2 =

Annotations:
D:1 1 runed translucent door


Innate Abilities, Weirdness & Mutations

A weak demonic guardian rushes to your aid.


Message History

t - a scroll of teleportation;
e - 2 scrolls of amnesia Your surroundings suddenly seem different.
You open the door.
Found an iron altar of Okawaru.
There is an open door here.
There is an iron altar of Okawaru here.
You open the door.
There is an open door here.
A frilled lizard comes into view.
The frilled lizard completely misses you.
You closely miss the frilled lizard. You block the frilled lizard's attack.
The frilled lizard barely misses you.
You slash the frilled lizard!
You kill the frilled lizard!
Cheibriados appreciates the change of pace.
No target in view!
No target in view!
You see here a frilled lizard corpse.
An orc comes into view. It is wielding a +0 hand axe.
The orc barely misses you.
You barely miss the orc. The orc misses you.
You slash the orc!
You kill the orc!
Cheibriados appreciates the change of pace.
No target in view!
You see here a +0 hand axe.
An orc wizard and an orc come into view.
An orc comes into view. It is wielding a +0 club.
The orc wizard shouts!
The orc shouts!
The orc barely misses you.
An orc wizard comes into view. It is wielding a +0 dagger.
The orc wizard casts a spell.
The orc wizard flickers and vanishes!
Deactivating autopickup; reactivate with Ctrl-A.
The orc wizard shouts!
You hit the orc but do no damage. You hit the orc. The orc barely misses you.
You barely miss the orc. The orc barely misses you. The orc closely misses you.
The orc wizard casts a spell.
The orc wizard flickers and vanishes!
You slash the orc!
You kill the orc!
Cheibriados thoroughly appreciates the change of pace.
You barely miss something. Something hits you.
A demonic guardian appears!
You hit something.
You hear some strange, mumbled words.
A puff of flame appears from out of thin air!
The puff of flame hits you!
You hear some strange, mumbled words.
A magic dart appears from out of thin air!
The magic dart hits you!
* * * LOW HITPOINT WARNING * * *
Something barely misses you.
You hear some strange, mumbled words.
Something tries to affect you, but you resist.
Something hits your iron imp.
You see here a +0 hand axe.
Something hits your iron imp but does no damage.
You see here a frilled lizard corpse.
A magic dart appears from out of thin air!
The magic dart hits your iron imp.
Something hits your iron imp but does no damage.
A magic dart appears from out of thin air!
The magic dart hits something!
You hear some strange, mumbled words.
Your iron imp appears confused.
Your iron imp disappears in a puff of smoke!
You hear some strange, mumbled words.
You are confused.
You bump into the rock wall.
You bump into the rock wall.
Something completely misses you.
You bump into the rock wall.
Something hits you but does no damage.
You're too confused to cast spells.
Okay, then.
Unknown command.
It was a potion of curing.
You feel better.
c - a potion of curing;
g - a +0 robe (worn)
A magic dart appears from out of thin air!
The magic dart hits something.
Reactivating autopickup.
You feel a bit more experienced.
An orc wizard appears from thin air!
The orc wizard hits you with a +0 dagger.
The orc wizard closely misses you.
Things that are here:
a +0 dagger; a +0 robe You hit the orc wizard.
The orc wizard completely misses you.
You hit the orc wizard. You block the orc wizard's attack.
You slash the orc wizard!
The orc wizard gestures at you while chanting.
The magic dart hits you!
A demonic guardian appears!
The orc wizard casts a spell at you.
You are confused.
You closely miss the orc wizard.
The orc wizard points at you and mumbles some strange words.
The puff of flame hits you!
* * * LOW HITPOINT WARNING * * *
You miss your white imp.
The orc wizard hits you with a +0 dagger.
You die...

#.##.#####.# #
#.##.#.....### #.
#.##.........#
#..###.#..###'###.#
#.........# #.# #.#
#.###..##.###.###.#
#.........+.._###.#
#.###..##5###.###.#
#..##@# #.# #.##
....##o###'###..#
###.###o.........#
#..............#
#..#######....## #.
###....# #......#
#.#....# #..o.#.#


You could see an orc wizard (ally target), an orc and a friendly white imp
(summoned).

Vanquished Creatures
  An adder (D:2)
  A dart slug (D:1)
  2 orcs (D:3)
  6 endoplasms
  2 giant cockroaches
  2 goblins
  5 hobgoblins
  3 jackals (D:1)
  9 kobolds
  A ball python (D:2)
  2 bats (D:1)
  A frilled lizard (D:3)
  4 rats
39 creatures vanquished.

Vanquished Creatures (others)
  An orc wizard (D:3)
1 creature vanquished.

Grand Total: 40 creatures vanquished

Notes
Turn   | Place    | Note
-------+----------+-------------------------------------------
     0 | D:1      | RKaid the Demonspawn Wanderer began the quest for the Orb.
     0 | D:1      | RKaid set off with the following items: a +0 dagger, a
                  | scroll of fog, a +0 robe, a +0 buckler; and the following
                  | spell memorised: Freeze; and the following spells available
                  | to memorise: Searing Ray, Static Discharge, Ensorcelled
                  | Hibernation, Ozocubu's Armour.
     0 | D:1      | Reached XP level 1. HP: 15/15 MP: 2/2
     0 | D:1      | Noticed a jelly
     1 | D:1      | Found a runed translucent door.
   392 | D:1      | Gained mutation: A weak demonic guardian rushes to your
                  | aid. [demonic ancestry]
   392 | D:1      | Reached XP level 2. HP: 16/21 MP: 0/3
  1591 | D:2      | Reached XP level 3. HP: 27/27 MP: 4/4
  1724 | D:2      | Found a shadowy altar of Dithmenos.
  1734 | D:2      | Reached skill level 2 in Ice Magic
  1943 | D:2      | Found Xuryqam's Jewellery Boutique.
  2015 | D:2      | Found a faded altar of an unknown god.
  2022 | D:2      | Prayed at the altar of an unknown god.
  2022 | D:2      | Became a worshipper of Cheibriados the Contemplative
  2022 | D:2      | Reached * piety under Cheibriados
  2128 | D:2      | Reached skill level 2 in Fighting
  2493 | D:3      | Found an iron altar of Okawaru.
  2556 | D:3      | HP: 2/27 [orc wizard/puff of flame (7)]
  2557 | D:3      | Slain by an orc wizard

Illustrated notes

Levels and vault maps discovered:
D:1:      dpeg_arrival_caged_fury, layout_loops_corners, minmay_tetromino_o2
D:2:      layout_rooms, basic_altar, serial_shops, nicolae_shop_statue_plus,
          dilly_ecumenical_altar_fadedgnrine, minmay_misc_feat_four_crosses,
          serial_bayou_pond_c
D:3:      layout_loops_ring, chequers_temple_overflow_statue_of_worship,
          nicolae_qazlal_eye_of_the_storm, lightli_temple_of_fire,
          lemuel_doored_altar, chequers_serial_rivers_marsh

Skill      XL: |  1  2  3 |
---------------+----------+-----
Ice Magic      | 2 |  2.1
Fighting       | 2 |  2.0
Staves         | |  0.8
Dodging        | |  1.9
Shields        | |  1.6
Spellcasting   | |  1.0
Conjurations   | |  2.0
Invocations    | |  1.2
Evocations     | |  1.0

Action                   || total
-------------------------++-------
Melee: Dagger            ||    68
       Lajatang          ||    46
 Cast: Freeze            ||    21
  Use: Scroll            ||     3
       Potion            ||     1
 Stab: Sleeping          ||     1
Armor: Robe              ||    21
Dodge: Dodged            ||    78
Block: Buckler           ||    20
       Other             ||    10
       Reflection        ||     1

Table legend: (Time is in decaauts)
 A = Elapsed time spent in this place.
 B = Non-inter-level travel time spent in this place.
 C = Inter-level travel time spent in this place.
 D = Time resting spent in this place.
 E = Time spent auto-exploring this place.
 F = Levels seen in this place.
 G = Mean time per level.
                   A        B        C        D        E       F      G
               +--------+--------+--------+--------+--------+-----+--------+
         Total |   2707 |   2643 |     64 |    771 |   1326 |   3 |  902.3 |
       Dungeon |   2707 |   2643 |     64 |    771 |   1326 |   3 |  902.3 |
               +--------+--------+--------+--------+--------+-----+--------+

Top non-repeatable levels by time:
     D:1: 1591 daAuts
     D:2: 1007 daAuts
     D:3: 107 daAuts

Table legend:
 A = Kills in this place as a percentage of kills in entire the game.
 B = Kills by you in this place as a percentage of kills by you in the entire game.
 C = Kills by friends in this place as a percentage of kills by friends in the entire game.
 D = Other kills in this place as a percentage of other kills in the entire game.
 E = Experience gained in this place as a percentage of experience gained in the entire game.
 F = Experience gained in this place divided by the number of levels of this place that you have seen.
                   A       B       C       D       E      F
               +-------+-------+-------+-------+-------+----------------------
         Total | 100.0 | 100.0 |   N/A | 100.0 | 100.0 |  28.7
       Dungeon | 100.0 | 100.0 |   N/A | 100.0 | 100.0 |  28.7
               +-------+-------+-------+-------+-------+----------------------
